 Dungeon Crawl Stone Soup version 0.27-a0-972-gd1521fd518 (webtiles) character file.

Game seed: 14887521672841627700

693 Glokmah the Charlatan (level 7, 0/62 HPs)
             Began as a Deep Dwarf Artificer on Apr 14, 2021.
             Slain by Edmund
             ... wielding a +0 dire flail of protection
              (5 damage)
             ... on level 4 of the Dungeon.
             The game lasted 00:10:24 (3680 turns).

Glokmah the Charlatan (Deep Dwarf Artificer)        Turns: 3680, Time: 00:10:25

Health: 0/62       AC: 10    Str: 16    XL:     7   Next: 37%
Magic:  6/6        EV: 11    Int: 12    God:
Gold:   218        SH:  0    Dex: 14    Spells: 6/6 levels left

rFire    . . .     SeeInvis .   a - +0 short sword (speed)
rCold    . . .     Faith    .   (no shield)
rNeg     + . .     Spirit   .   i - +0 scale mail
rPois    .         Reflect  .   q - +0 helmet
rElec    .         Harm     .   (no cloak)
rCorr    +         Rampage  .   (no gloves)
Will     +....                  v - +1 pair of boots
Stlth    ..........             (no amulet)
HPRegen  0.00/turn              r - ring of positive energy
MPRegen  0.10/turn              n - ring of resist corrosion

@: non-regenerating
A: damage resistance, heal wounds, sense surroundings 1, no regeneration
a: Heal Wounds


You were on level 4 of the Dungeon.
You visited 1 branch of the dungeon, and saw 4 of its levels.

You collected 218 gold pieces.

Inventory:

Hand Weapons
 a - a +0 short sword of speed (weapon)
 b - a +0 long sword
Missiles
 s - 3 boomerangs of dispersal
Armour
 i - a +0 scale mail (worn)
 q - a +0 helmet (worn)
 v - a +1 pair of boots (worn)
Jewellery
 n - a ring of resist corrosion (right hand)
 r - a ring of positive energy (left hand)
 u - a +6 ring of dexterity
Wands
 c - a wand of flame (1) (quivered)
 d - a wand of charming (12)
Scrolls
 l - a scroll of noise
 m - a scroll of teleportation {unknown}
Potions
 f - 2 potions of curing
 g - a potion of berserk rage {unknown}
 h - a potion of ambrosia {unknown}
 j - a potion of attraction {unknown}
 k - a potion of haste
 o - 2 potions of mutation
 p - a potion of heal wounds {unknown}
 t - a potion of brilliance {unknown}
Miscellaneous
 e - a piece from Xom's chessboard (11/15)


   Skills:
 + Level 3.2 Fighting
 + Level 4.4 Armour
 + Level 3.9 Dodging
 - Level 1.2 Stealth
 * Level 7.9 Evocations


You had 6 spell levels left.
You didn't know any spells.
Your spell library contained the following spells:

 Spells                   Type           Power      Damage    Failure   Level
 Animate Skeleton         Necr           0%         N/A       73%         1
 Pain                     Necr           0%         1d4       73%         1
 Gell's Gravitas          Tloc           0%         N/A       97%         3
 Portal Projectile        Hex/Tloc       0%         N/A       97%         3
 Vampiric Draining        Necr           0%         2d6       97%         3
 Animate Dead             Necr           0%         N/A       100%        4
 Passage of Golubria      Tloc           N/A        N/A       100%        4
 Agony                    Necr           0%         N/A       100%        5
 Manifold Assault         Tloc           0%         N/A       100%        5
 Dispersal                Tloc           0%         N/A       100%        6
 Disjunction              Tloc           0%         N/A       100%        8


Dungeon Overview and Level Annotations

Branches:
Dungeon (4/15)
 Temple: D:4-7

Altars:
Dithmenos
Xom

Shops:
D:3 *   D:4 (

Annotations:
D:4 Edmund


Innate Abilities, Weirdness & Mutations

You are resistant to damage.
You can heal yourself by infusing magical energy.
You passively map a small area around you.
You do not regenerate.


Message History

Edmund is severely wounded.
Edmund barely misses you.
You hit Edmund but do no damage.
Edmund is severely wounded.
Edmund hits you with a +0 dire flail of protection.
You closely miss Edmund.
Edmund is severely wounded.
Edmund misses you.
You hit Edmund.
Edmund is almost dead.
Edmund closely misses you.
You hit Edmund but do no damage.
Edmund is almost dead.
Edmund closely misses you.
You barely miss Edmund.
Edmund is almost dead.
Edmund hits you with a +0 dire flail of protection!
* * * LOW HITPOINT WARNING * * *
A goblin comes into view. It is wielding a +0 club.
You closely miss Edmund.
Edmund is almost dead.
The goblin shouts!
Edmund hits you with a +0 dire flail of protection.
* * * LOW HITPOINT WARNING * * *
Edmund barely misses you.
You make a move on Xom's chessboard...
Edmund is outlined in light.
Edmund barely misses you.
You hit Edmund but do no damage.
Edmund is almost dead.
Edmund hits you with a +0 dire flail of protection.
* * * LOW HITPOINT WARNING * * *
Aiming: Throw Flame
Press: ? - help, Shift-Dir - straight line, f/p - Edmund
Aim: Edmund, wielding a +0 dire flail of protection and wearing a +0 leather armour (almost dead, fast, softly glowing, 17% to evade)
The puff of flame hits Edmund.
Edmund is almost dead.
Edmund says, "People will remember me!
They'll remember me and die!"
Edmund hits you with a +0 dire flail of protection.
Edmund hits you with a +0 dire flail of protection!
You die...

... .
.##.#.#≈♣.♣≈#.#
... ,
..####..+..∩..'.#
... ,
........#≈♣.♣≈###
...
,#.......#≈≈.≈≈#
..> ,
#......###'###
... *#..........#
... #..........##
##., ......#...##
. #.....#.@.# .
....g...@#.#
....##.....#
..#........#
........# ,
#......### ,
........#
###.....# ,


You could see Edmund (fast, corona) and a goblin.

Vanquished Creatures
  Grinder (D:3)
  Sigmund (D:3)
  A phantom (D:4)
  A jelly (D:4)
  Robin (D:4)
  4 adders (D:2)
  3 worms
  3 dart slugs
  5 orcs (D:3)
  5 endoplasms
  5 giant cockroaches
  17 goblins
  14 hobgoblins
  3 jackals (D:3)
  8 kobolds
  3 quokkas
  9 ball pythons
  3 bats
  4 frilled lizards (D:2)
  3 rats
94 creatures vanquished.

Vanquished Creatures (collateral kills)
  A phantom (D:4)
  A giant cockroach (D:3)
  A goblin (D:3)
3 creatures vanquished.

Grand Total: 97 creatures vanquished

Notes
Turn   | Place    | Note
-------+----------+-------------------------------------------
     0 | D:1      | Glokmah the Deep Dwarf Artificer began the quest for the
                  | Orb.
     0 | D:1      | Reached XP level 1. HP: 16/16 MP: 1/1
   221 | D:1      | Reached skill level 1 in Fighting
   316 | D:1      | Reached XP level 2. HP: 22/25 MP: 2/2
   808 | D:2      | Reached XP level 3. HP: 17/31 MP: 3/3
   956 | D:2      | Reached skill level 5 in Evocations
  1239 | D:2      | Reached XP level 4. HP: 30/39 MP: 4/4
  1466 | D:2      | Found a shimmering altar of Xom.
  1512 | D:2      | Found a faded altar of an unknown god.
  2216 | D:3      | Noticed Grinder
  2217 | D:3      | Paralysed by Grinder for 4 turns
  2241 | D:3      | Killed Grinder
  2242 | D:3      | Reached skill level 6 in Evocations
  2242 | D:3      | Reached XP level 5. HP: 19/46 MP: 5/5
  2242 | D:3      | Reached XP level 6. HP: 23/55 MP: 6/6
  2325 | D:3      | Found Juut's Assorted Antiques.
  2491 | D:3      | Noticed Sigmund
  2780 | D:3      | Found a shadowy altar of Dithmenos.
  3093 | D:3      | Killed Sigmund
  3094 | D:3      | Reached skill level 7 in Evocations
  3251 | D:4      | Reached XP level 7. HP: 20/62 MP: 6/6
  3545 | D:4      | Noticed Robin
  3550 | D:4      | Killed Robin
  3636 | D:4      | Found Xaher Weny's Weapon Emporium.
  3659 | D:4      | Noticed Edmund
  3680 | D:4      | Slain by Edmund

Illustrated notes

Levels and vault maps discovered:
D:1:      dpeg_arrival_triangle_fractal, layout_basic
D:2:      minmay_razor_zed, layout_loops_ring, basic_altar,
          basic_ecumenical_altar, minmay_unequal
D:3:      layout_basic, nicolae_dithmenos_shadow_blocks, serial_shops,
          nicolae_shop_statue_plus, uniq_grinder, uniq_sigmund
D:4:      layout_cave_pools, serial_shops, kennysheep_little_box,
          kennysheep_big_empty_room, uniq_edmund, uniq_natasha, uniq_robin

Skill      XL: |  1  2  3  4  5  6 |
---------------+-------------------+-----
Fighting       | 1 2 3 |  3.2
Evocations     | 5 6 7 |  7.9
Dodging        | 2 3 |  3.9
Armour         | 3 4 |  4.4
Stealth        | |  1.2

Action                   |  1- 3 |  4- 6 |  7- 9 || total
-------------------------+-------+-------+-------++-------
Melee: Club              |    26 |       |       ||    26
       Hand axe          |    17 |       |       ||    17
       Long sword        |    65 |    82 |       ||   147
       Short sword       |    34 |   142 |    81 ||   257
 Abil: Heal Wounds       |     2 |     2 |     2 ||     6
Evoke: Piece from Xom's  |     1 |     6 |     5 ||    12
       Wand              |       |     5 |    12 ||    17
  Use: Scroll            |       |       |     6 ||     6
 Stab: Sleeping          |     1 |       |       ||     1
       Paralysed         |     1 |    22 |       ||    23
       Petrified         |       |       |     3 ||     3
Armor: Scale mail        |    63 |    92 |    28 ||   183
       Leather armour    |     1 |       |       ||     1
Dodge: Dodged            |    80 |    96 |    31 ||   207
       Rpst.: Long sword |    14 |    18 |       ||    32

Table legend: (Time is in decaauts)
 A = Elapsed time spent in this place.
 B = Non-inter-level travel time spent in this place.
 C = Inter-level travel time spent in this place.
 D = Time resting spent in this place.
 E = Time spent auto-exploring this place.
 F = Levels seen in this place.
 G = Mean time per level.
                   A        B        C        D        E       F      G
               +--------+--------+--------+--------+--------+-----+--------+
         Total |   3684 |   3293 |    391 |    320 |   1825 |   4 |  921.0 |
       Dungeon |   3684 |   3293 |    391 |    320 |   1825 |   4 |  921.0 |
               +--------+--------+--------+--------+--------+-----+--------+

Top non-repeatable levels by time:
     D:2: 1329 daAuts
     D:3: 1196 daAuts
     D:1: 727 daAuts
     D:4: 430 daAuts
